 Dungeon Crawl Stone Soup version 0.22-a0-404-g35e51767bf (webtiles) character file.

280256 brujo666 the Crack Shot (level 19, -3/151 HPs)
             Began as a Demonspawn Hunter on May 8, 2018.
             Was the Champion of Okawaru.
             Killed from afar by an antique lich (78 damage)
             ... with a crystal spear
             ... in a wizard's laboratory.
             The game lasted 02:12:23 (33575 turns).

brujo666 the Crack Shot (Demonspawn Hunter)        Turns: 33575, Time: 02:12:24

Health: -3/151     AC: 51    Str: 18    XL:     19   Next: 67%
Magic:  0/25       EV: 16    Int: 12    God:    Okawaru [******]
Gold:   2800       SH:  0    Dex: 23    Spells: 11/18 levels left

rFire    + + .     SeeInvis +   K - +8 longbow "Zephyr" {speed, Dex+3 SInv}
rCold    + . .     Gourm    .   (shield currently unavailable)
rNeg     + . .     Faith    .   c - +8 chain mail "Zuthriw" {rPois rN+ Str+2}
rPois    +         Spirit   +   (helmet unavailable)
rElec    .         Reflect  .   R - +2 cloak {MR+}
rCorr    .         Harm     +   I - +2 pair of gloves {archery}
MR       +++..                  J - +1 pair of boots of Minor Irritation {rF+}
Stlth    ..........             V - amulet of harm
HPRegen  0.35/turn              g - ring of protection from fire
MPRegen  0.19/turn              C - ring "Tauqiuto" {MR+ Dex+3}

@: sanguine armour, studying Conjurations
A: antennae 3, cold resistance 1, dopey 1, icemail, augmentation 3, magic
shield, freezing cloud immunity, sanguine armour 2
}: 2/15 runes: barnacled, gossamer
a: Heroism, Finesse, Renounce Religion


You were in a wizard's laboratory.
You worshipped Okawaru.
Okawaru was exalted by your worship.
You were not hungry.

You visited 6 branches of the dungeon, and saw 33 of its levels.
You also visited: Sewer, Ice Cave and Wizlab.

You collected 3436 gold pieces.
You spent 636 gold pieces at shops.

Inventory:

Hand Weapons
 b - the +5 longbow of Strategic Superiority {flame, Dex+4}
   (Okawaru gifted it to you on level 1 of the Shoals)

   It causes projectiles fired from it to burn those they strike, causing extra
   injury to most foes and up to half again as much damage against particularly
   susceptible opponents.
   It affects your dexterity (+4).
 i - the +8 morningstar of the Coward {antimagic, +Rage}
   (You found it on level 2 of the Lair of Beasts)

   It reduces the magical energy of the wielder, and disrupts the spells and
   magical abilities of those hit.
   Natural abilities and divine invocations are not affected.
   It lets you go berserk.
 y - the +4 longbow of Dissatisfaction {flame, +Inv Str+4, unknown}
   (Okawaru gifted it to you in a wizard's laboratory)

   It causes projectiles fired from it to burn those they strike, causing extra
   injury to most foes and up to half again as much damage against particularly
   susceptible opponents.
   It affects your strength (+4).
   It lets you turn invisible.
 K - the +8 longbow "Zephyr" (weapon) {speed, Dex+3 SInv}
   (Okawaru gifted it to you on level 5 of the Lair of Beasts)

   Attacks with this weapon are significantly faster.
   It affects your dexterity (+3).
   It lets you see invisible.
 O - the +8 storm bow {elec}
   (Okawaru gifted it to you in an ice cave)

   It charges the ammunition it shoots with electricity; occasionally upon a
   hit, such missiles may discharge and cause terrible harm.
 Q - the +7 longbow "Piercer" {penet, EV-2}
   (Okawaru gifted it to you on level 1 of the Spider Nest)

   Ammo fired by it will pass through the targets it hits, potentially hitting
   all targets in its path until it reaches maximum range.
   It affects your evasion (-2).
Missiles
 d - 675 arrows (quivered)
 A - 28 steel javelins
Armour
 c - the +8 chain mail "Zuthriw" (worn) {rPois rN+ Str+2}
   (You found it on level 5 of the Dungeon)

   It affects your strength (+2).
   It protects you from poison.
   It protects you from negative energy.
 I - a +2 pair of gloves of archery (worn)
 J - the +1 pair of boots of Minor Irritation (worn) {rF+}
   (Okawaru gifted it to you on level 12 of the Dungeon)

   It protects you from fire.
 R - a +2 cloak of magic resistance (worn)
Jewellery
 g - a ring of protection from fire (left hand)
 B - the amulet "Ryunk" {Reflect rC+ SH+2}
   (You acquired it on level 1 of the Spider Nest)

   [amulet of reflection]

   It shields you and reflects attacks.
   It protects you from cold.
   It affects your SH (+2).
 C - the ring "Tauqiuto" (right hand) {MR+ Dex+3}
   (You found it on level 3 of the Spider Nest)

   [ring of protection from magic]

   It affects your dexterity (+3).
   It affects your resistance to hostile enchantments.
 V - an amulet of harm (around neck)
Wands
 E - a wand of iceblast (15)
 H - a wand of paralysis (62)
 L - a wand of digging (4)
 N - a wand of disintegration (24)
Scrolls
 a - 3 scrolls of acquirement
 e - 3 scrolls of fog
 h - a scroll of enchant armour
 j - 10 scrolls of blinking
 k - a scroll of silence {unknown}
 l - 3 scrolls of summoning {unknown}
 o - 2 scrolls of brand weapon {unknown}
 p - 9 scrolls of remove curse
 w - 4 scrolls of immolation
 z - 10 scrolls of teleportation
 M - 4 scrolls of fear
 Y - 4 scrolls of enchant weapon
Potions
 m - 12 potions of curing
 n - 5 potions of agility
 r - 5 potions of invisibility
 s - 2 potions of flight
 t - 5 potions of haste
 u - 3 potions of magic
 v - 2 potions of might
 x - 4 potions of heal wounds
 D - a potion of brilliance
 F - 2 potions of mutation {unknown}
 P - 3 potions of berserk rage
 T - 3 potions of resistance {unknown}
 U - 3 potions of ambrosia
Books
 G - a manual of Conjurations
Miscellaneous
 q - a box of beasts
 S - a lightning rod (4/4)
 Z - a phantom mirror
Comestibles
 f - 74 rations


   Skills:
 * Level 13.9 Fighting
 - Level 21.0 Bows
 + Level 17.3 Armour
 + Level 11.4 Dodging
 - Level 0.8 Stealth
 - Level 5.5 Invocations
 - Level 8.2 Evocations


You had 11 spell levels left.
You knew the following spells:

 Your Spells              Type           Power        Failure   Level  Hunger
a - Blink                 Tloc           N/A          95%         2    ###....
b - Borgnjor's Vile Clut  Necr/Erth      #.........   100%        5    ######.


Dungeon Overview and Level Annotations

Branches:
Dungeon (15/15)            Temple (0/1) D:6            Lair (6/6) D:10
 Shoals (4/4) Lair:2       Spider (4/4) Lair:2        Slime (0/5) Lair:5
    Orc (2/2) D:12            Elf (0/3) Orc:2        Vaults (2/5) D:13
  Crypt (0/3) Vaults:2     Depths (0/5) D:15

Altars:
Ashenzari
Cheibriados
Dithmenos
Fedhas
Hepliaklqana
Kikubaaqudgha
Makhleb
Nemelex Xobeh
Okawaru
Sif Muna
Trog
Uskayaw
Wu Jian
Beogh
Jiyva

Shops:
D:5 !   D:12 %   Orc:2 }%((   Shoals:4 %   Vaults:1 :=[=

Annotations:
D:6 exclusion: oklob plant


Innate Abilities, Weirdness & Mutations

You have a pair of large antennae on your head. (SInv)
Your flesh is cold resistant. (rC+)
A meltable icy envelope protects you from harm. (AC +10)
Your magical and physical power is greatly enhanced at high health.
When hurt, damage is shared between your health and your magic reserves.
You are immune to freezing clouds.
When seriously injured, your bleeding wounds create thick armour. (AC +9)
You are dopey. (Int -2)


Message History

Press: ? - help, Shift-Dir - straight line, f/p - antique lich
Aim: an antique lich (lightly damaged)
You shoot an arrow.
The arrow hits the antique lich but does no damage.
The antique lich is lightly damaged.
Firing (i - inventory. (/) - cycle)
d - 676 arrows (quivered)
Press: ? - help, Shift-Dir - straight line, f/p - antique lich
Aim: an antique lich (lightly damaged)
You shoot an arrow. The arrow hits the antique lich.
The antique lich is lightly damaged.
The antique lich gestures at you while chanting.
The bolt of acid hits you!
Your blood congeals into armour.
You are splashed with acid!
The acid burns!
You are too injured to fight recklessly!
You are too injured to fight recklessly!
You fail to use your ability.
The antique lich gestures at you while chanting.
The crystal spear hits you!
Ouch! That really hurt!
You die...

#♣..........♣......#
##..................♣##
##...).8...............##
#........)............♣.#
#.......#########.......#
#.......# ?? !? #.......#
#♣.....## .#. ##...8.♣#
#....### ##'## ###....#
#....# #.@.# #....#
♣....# ###...### #....#
♣...)# #.......# #...♣#
♣.)).####...8L..####....♣
#....#..'.......'..#....#
♣....#..###...###..#..8♣#
#....#....#...#....#....#
♣....###..#####..###...♣#
#♣.....##...#...##......#


You could see an antique lich.

Vanquished Creatures
  Bai Suzhen (Spider:4)
  Nikola (Vaults:1)
  An ancient champion (WizLab)
  Frances (D:12)
  Polyphemus (Shoals:3)
  Gastronok (Lair:2)
  The ghost of stburah the Severer, an adept FoFi of the Shining One (Shoals:4)
  Kirke (D:15)
  A tengu reaver (D:12)
  Ilsuiw (Shoals:4)
  Roxanne (Shoals:1)
  A vault warden (Vaults:1)
  A frost giant (IceCv)
  3 ghost moths (Spider:4)
  Aizul (Vaults:1)
  3 emperor scorpions
  3 ironheart preservers (Vaults:1)
  4 entropy weavers
  The ghost of noidea the Unseen, an adept FeEn of Dithmenos (Vaults:1)
  A stone giant (Orc:2)
  A very ugly thing (D:13)
  Nessos (D:14)
  10 merfolk impalers
  An ettin (D:12)
  Snorg (D:11)
  2 fire dragons (D:15)
  4 spark wasps
  12 merfolk javelineers
  2 great orbs of eyes (Vaults:1)
  6 catoblepae
  3 alligator snapping turtles
  6 hydras
  2 rakshasas (Vaults:1)
  A merfolk avatar (Shoals:3)
  7 merfolk aquamancers
  2 satyrs
  An ice dragon (Vaults:1)
  A tengu warrior (D:15)
  A queen ant (Spider:3)
  7 centaur warriors
  4 ogre magi (Vaults:1)
  22 two-headed ogres
  21 death yaks
  2 orc high priests
  A deep troll earth mage (Vaults:1)
  A deep elf knight (Vaults:1)
  Sonja (D:10)
  7 skeletal warriors (WizLab)
  3 unseen horrors
  A shadow wraith (Vaults:1)
  4 deep trolls (Vaults:1)
  4 wizards
  8 sea snakes
  Pikel (D:4)
  15 orb spiders
  6 ironbrand convokers
  14 harpies
  6 orc knights
  13 orc sorcerers
  An oklob plant (Lair:6)
  14 wolf spiders
  5 cyclopes
  18 manticores
  23 ugly things
  4 fauns
  Maurice (D:11)
  A moth of wrath (Spider:4)
  14 elephants
  8 water nymphs
  3 centaur zombies
  A torpor snail (Spider:2)
  6 vault sentinels (Vaults:1)
  7 merfolk sirens
  9 spiny frogs
  5 black mambas
  A spiny frog (shapeshifter) (D:13)
  3 gargoyles (D:12)
  6 komodo dragons
  11 demonic crawlers
  4 yaktaurs (Vaults:1)
  A komodo dragon (shapeshifter) (Vaults:1)
  16 polar bears
  10 trolls
  28 jumping spiders
  A queen bee (Spider:3)
  7 hornets
  6 meliai
  29 merfolk
  5 wind drakes
  A troll (shapeshifter) (D:13)
  Prince Ribbit (Lair:1)
  32 blink frogs
  4 dream sheep (Shoals:1)
  16 hippogriffs
  10 slime creatures
  5 snapping turtles
  26 tarantellas
  Sigmund (D:6)
  4 vampires (WizLab)
  3 shadows
  3 wraiths
  7 wyverns
  74 redbacks
  76 yaks
  10 water elementals
  3 hungry ghosts
  A hog (D:15)
  A steam dragon (D:9)
  9 wargs
  A two-headed ogre zombie (WizLab)
  A swamp worm (shapeshifter) (D:13)
  6 vampire mosquitoes
  18 soldier ants (Spider:3)
  An acid dragon (D:14)
  16 porcupines
  Duvessa (D:6)
  11 water moccasins
  23 orc warriors
  An eye of draining (shapeshifter) (D:14)
  2 slaves (D:4)
  19 ogres
  2 sky beasts
  2 black bears (D:12)
  4 ice beasts
  28 wolves
  A boggart (Vaults:1)
  5 phantoms
  12 centaurs
  9 crocodiles
  A wyvern zombie (D:11)
  2 big kobolds
  18 bullfrogs
  A gnoll sergeant (D:9)
  Dowan (D:6)
  9 scorpions
  A wyvern skeleton (D:12)
  10 troll zombies (WizLab)
  29 killer bees
  9 wights
  2 electric eels (Spider:2)
  8 howler monkeys
  2 bullfrog zombies
  4 crimson imps
  2 quasits
  7 hounds
  6 centaur skeletons
  5 jellies
  24 orc priests
  35 orc wizards
  5 bullfrog skeletons
  3 iguanas
  19 worker ants
  2 hell rats (Lair:6)
  4 ogre zombies (WizLab)
  2 hound skeletons
  6 gnolls
  21 adders
  11 river rats (Lair:6)
  5 shadow imps
  21 oozes
  An adder zombie (D:5)
  2 dart slugs
  13 leopard geckos
  97 orcs
  14 ball pythons
  19 giant cockroaches
  9 goblins
  9 hobgoblins
  12 jackals
  9 quokkas
  6 bats
  11 frilled lizards
  A jackal skeleton (D:4)
  2 jackal zombies (D:5)
  12 kobolds
  4 rats
  A plant (Lair:2)
1429 creatures vanquished.

Vanquished Creatures (others)
  A water nymph (Shoals:3)
  A polar bear (IceCv)
  A redback (Spider:4)
  A human (D:15)
  An electric eel (D:15)
  22 fungi
  57 plants
  15 toadstools (D:6)
99 creatures vanquished.

Grand Total: 1528 creatures vanquished

Notes
Turn   | Place    | Note
-------+----------+-------------------------------------------
     0 | D:1      | brujo666 the Demonspawn Hunter began the quest for the Orb.
     0 | D:1      | Reached XP level 1. HP: 16/16 MP: 1/1
   362 | D:1      | Found an iron altar of Okawaru.
   371 | D:1      | Reached skill level 4 in Bows
   581 | D:1      | Became a worshipper of Warmaster Okawaru
   587 | D:1      | Gained mutation: You have a pair of small antennae on your head. [demonic ancestry]
   587 | D:1      | Reached XP level 2. HP: 22/22 MP: 2/2
  1111 | D:1      | Gained mutation: When seriously injured, your bleeding wounds create armour. (AC +9) [demonic ancestry]
  1111 | D:1      | Reached XP level 3. HP: 27/27 MP: 3/3
  1370 | D:2      | Reached skill level 5 in Bows
  1654 | D:2      | Found a shattered altar of Ashenzari.
  1689 | D:2      | Gained mutation: Your flesh is cold resistant. (rC+) [demonic ancestry]
  1689 | D:2      | Reached XP level 4. HP: 20/33 MP: 4/4
  1858 | D:3      | Noticed a bullfrog
  1866 | D:3      | Killed a bullfrog
  1866 | D:3      | Gained mutation: You are immune to freezing clouds. [demonic ancestry]
  1866 | D:3      | Reached XP level 5. HP: 37/38 MP: 5/5
  2058 | D:3      | Found a sparkling altar of Nemelex Xobeh.
  2119 | D:3      | Reached skill level 6 in Bows
  2850 | D:4      | Reached * piety under Okawaru
  2923 | D:4      | Noticed an ogre
  2932 | D:4      | Killed an ogre
  2932 | D:4      | Reached skill level 7 in Bows
  2932 | D:4      | Reached XP level 6. HP: 18/44 MP: 6/6
  3074 | D:4      | Noticed a slave
  3076 | D:4      | Noticed a slave
  3076 | D:4      | Noticed a slave
  3077 | D:4      | Noticed Pikel
  3106 | D:4      | Killed a slave
  3115 | D:4      | Noticed a slave
  3125 | D:4      | Killed a slave
  3132 | D:4      | Killed Pikel
  3132 | D:4      | Reached ** piety under Okawaru
  3132 | D:4      | Reached *** piety under Okawaru
  3132 | D:4      | Reached skill level 8 in Bows
  3132 | D:4      | Reached XP level 7. HP: 20/50 MP: 7/7
  3306 | D:4      | Reached skill level 9 in Bows
  3515 | D:5      | Entered Level 5 of the Dungeon
  3515 | D:5      | Found Yfac's Distillery.
  3543 | D:5      | Bought a potion of heal wounds for 75 gold pieces
  3543 | D:5      | Bought a potion of might for 60 gold pieces
  3543 | D:5      | Bought a potion of curing for 45 gold pieces
  3598 | D:5      | Gained mutation: Your magical and physical power is slightly enhanced at high health. [demonic ancestry]
  3598 | D:5      | Reached XP level 8. HP: 36/56 MP: 8/8
  3652 | D:5      | Found a shadowy altar of Dithmenos.
  3819 | D:5      | Received a gift from Okawaru
  3915 | D:5      | Found an ornate altar of the Wu Jian Council.
  4053 | D:5      | Got a bloodstained chain mail
  4064 | D:5      | Identified the +8 chain mail "Zuthriw" {rPois rN+ Str+2} (You found it on level 5 of the Dungeon)
  4288 | D:6      | Reached skill level 10 in Bows
  4323 | D:6      | Noticed Duvessa
  4324 | D:6      | Noticed Dowan
  4339 | D:6      | Killed Duvessa
  4350 | D:6      | Killed Dowan
  4350 | D:6      | Reached **** piety under Okawaru
  4402 | D:6      | Found a blossoming altar of Fedhas.
  4404 | D:6      | Found an iron altar of Okawaru.
  4455 | D:6      | Found a hazy altar of Hepliaklqana.
  4515 | D:6      | Reached skill level 11 in Bows
  4649 | D:6      | Found a glowing drain.
  4659 | Sewer    | Entered a sewer
  4774 | Sewer    | Gained mutation: When seriously injured, your bleeding wounds create thick armour. (AC +9) [demonic ancestry]
  4774 | Sewer    | Reached XP level 9. HP: 57/61 MP: 9/9
  5273 | D:6      | Found a staircase to the Ecumenical Temple.
  5490 | D:6      | Noticed Sigmund
  5494 | D:6      | Killed Sigmund
  5564 | D:6      | Found a blossoming altar of Fedhas.
  5582 | D:6      | Noticed an oklob plant
  5776 | D:6      | Found a bloodstained altar of Trog.
  5975 | D:7      | Reached skill level 12 in Bows
  6189 | D:7      | Reached ***** piety under Okawaru
  6381 | D:7      | Received a gift from Okawaru
  6518 | D:7      | Found a burning altar of Makhleb.
  6867 | D:8      | Reached skill level 13 in Bows
  6964 | D:8      | Reached XP level 10. HP: 64/67 MP: 10/10
  7082 | D:8      | Found a snail-covered altar of Cheibriados.
  7158 | D:8      | Found a hide-covered altar of Uskayaw.
  7257 | D:8      | Noticed a two-headed ogre
  7263 | D:8      | Killed a two-headed ogre
  7292 | D:8      | Reached skill level 1 in Armour
  7463 | D:8      | Found an ancient bone altar of Kikubaaqudgha.
  7559 | D:8      | Noticed a two-headed ogre
  7570 | D:8      | Killed a two-headed ogre
  7830 | D:9      | Received a gift from Okawaru
  8071 | D:9      | Got a scorched chain mail
  8082 | D:9      | Identified the +0 chain mail of the Sixty-Six Dreams {rF+ Str+3 Dex+4} (You found it on level 9 of the Dungeon)
  8126 | D:9      | Reached skill level 14 in Bows
  8476 | D:10     | Entered Level 10 of the Dungeon
  8656 | D:10     | Found a staircase to the Lair.
  8685 | D:10     | Noticed Sonja
  8697 | D:10     | Killed Sonja
  8697 | D:10     | Reached XP level 11. HP: 35/77 MP: 11/11
  8992 | D:10     | Noticed a two-headed ogre
  8996 | D:10     | Killed a two-headed ogre
  9020 | D:10     | Reached skill level 1 in Evocations
  9029 | D:10     | Found an ancient bone altar of Kikubaaqudgha.
  9049 | D:10     | Learned a level 2 spell: Blink
  9054 | D:10     | Noticed an unseen horror
  9063 | D:10     | Killed an unseen horror
  9063 | D:10     | Reached ****** piety under Okawaru
  9211 | Lair:1   | Entered Level 1 of the Lair of Beasts
  9215 | Lair:1   | Received a gift from Okawaru
  9251 | Lair:1   | Got jewelled ice dragon scales {god gift}
  9262 | Lair:1   | Identified the +0 ice dragon scales "Aguo" {rElec rPois rF- rC++ Int+2} (Okawaru gifted it to you on level 1 of the Lair of Beasts)
  9314 | Lair:1   | Noticed Prince Ribbit
  9322 | Lair:1   | Reached skill level 5 in Fighting
  9333 | Lair:1   | Killed Prince Ribbit
  9498 | Lair:1   | Reached skill level 15 in Bows
  9498 | Lair:1   | Reached skill level 5 in Dodging
  9665 | Lair:1   | Found a blossoming altar of Fedhas.
  9770 | Lair:1   | Reached skill level 5 in Armour
  9770 | Lair:1   | Gained mutation: When hurt, damage is shared between your health and your magic reserves. [demonic ancestry]
  9770 | Lair:1   | Reached XP level 12. HP: 89/89 MP: 14/14
 10086 | Lair:2   | Noticed a five-headed hydra
 10192 | Lair:2   | Received a gift from Okawaru
 10200 | Lair:2   | Got a pitted morningstar
 10272 | Lair:2   | Found a hole to the Spider Nest.
 10416 | Lair:2   | Gained mutation: Your magical and physical power is enhanced at high health. [demonic ancestry]
 10416 | Lair:2   | Reached XP level 13. HP: 86/96 MP: 16/16
 10520 | Lair:2   | Found a staircase to the Shoals.
 10531 | Lair:2   | Noticed Gastronok
 10547 | Lair:2   | Killed Gastronok
 10547 | Lair:2   | Received a gift from Okawaru
 10551 | Lair:2   | Got a pitted shortbow {god gift}
 10601 | Lair:2   | Identified the +6 shortbow of Inference {flame, rN+ Str+6 Dex+4} (Okawaru gifted it to you on level 2 of the Lair of Beasts)
 11000 | Lair:3   | Found a frozen archway.
 11010 | IceCv    | Entered an ice cave
 11261 | IceCv    | Reached skill level 5 in Evocations
 11328 | IceCv    | Received a gift from Okawaru
 11329 | IceCv    | Found the +8 storm bow {elec}
 11432 | IceCv    | Noticed a frost giant
 11458 | IceCv    | Killed a frost giant
 11635 | IceCv    | Got a citrine-encrusted chain mail
 11653 | IceCv    | Identified the cursed +1 chain mail "Tumaom" {rC+ rN+ Int+3} (You found it in an ice cave)
 11734 | Lair:3   | Reached skill level 16 in Bows
 11739 | Lair:3   | Received a gift from Okawaru
 11846 | Lair:3   | Gained mutation: You have a pair of antennae on your head. [demonic ancestry]
 11846 | Lair:3   | Reached XP level 14. HP: 17/108 MP: 1/18
 13078 | Lair:3   | Found a shadowy altar of Dithmenos.
 13527 | Lair:4   | Found a labyrinth entrance.
 13979 | Lair:5   | Received a gift from Okawaru
 13980 | Lair:5   | Found the +8 longbow "Zephyr" {speed, Dex+3 SInv}
 14143 | Lair:5   | Found the +2 cloak of the Thief {+Fog Slay-2 SInv Stlth+}
 14350 | Lair:5   | Found a viscous altar of Jiyva.
 14350 | Lair:5   | Found a staircase to the Slime Pits.
 15171 | Lair:5   | Identified the +8 morningstar of the Coward {antimagic, +Rage} (You found it on level 2 of the Lair of Beasts)
 15200 | Lair:6   | Entered Level 6 of the Lair of Beasts
 15232 | Lair:6   | Received a gift from Okawaru
 15351 | Lair:6   | Received a gift from Okawaru
 15538 | Lair:6   | Reached skill level 17 in Bows
 15861 | Lair:6   | Reached skill level 10 in Fighting
 16463 | Lair:6   | Gained mutation: You have a pair of large antennae on your head. (SInv) [demonic ancestry]
 16463 | Lair:6   | Reached XP level 15. HP: 115/115 MP: 21/21
 16477 | Lair:6   | Reached skill level 10 in Dodging
 16582 | Lair:6   | Identified a scroll of acquirement
 17009 | D:11     | Received a gift from Okawaru
 17043 | D:11     | Noticed Maurice
 17051 | D:11     | Killed Maurice
 17253 | D:11     | Noticed Snorg
 17263 | D:11     | Killed Snorg
 17576 | D:11     | Found a roughly hewn altar of Beogh.
 17946 | D:12     | Found a runed door.
 18043 | D:12     | Found a large runed door.
 18048 | D:12     | Found a large runed door.
 18051 | D:12     | Noticed a tengu reaver
 18109 | D:12     | Noticed Frances
 18116 | D:12     | Killed Frances
 18116 | D:12     | Received a gift from Okawaru
 18209 | D:12     | Found a large runed door.
 18211 | D:12     | Found a large runed door.
 18330 | D:12     | Found Beletz's Food Boutique.
 18398 | D:12     | Received a gift from Okawaru
 18398 | D:12     | Reached skill level 18 in Bows
 18401 | D:12     | Gained mutation: You are dopey. (Int -2) [a neqoxec]
 18476 | D:12     | Found a roughly hewn altar of Beogh.
 18542 | D:12     | Received a gift from Okawaru
 18548 | D:12     | Got a pair of ichor-stained boots {god gift}
 18559 | D:12     | Identified the +1 pair of boots of Minor Irritation {rF+} (Okawaru gifted it to you on level 12 of the Dungeon)
 18655 | D:12     | Found a large runed door.
 18663 | D:12     | Found a large runed door.
 18667 | D:12     | Found a large runed door.
 18698 | D:12     | Killed a tengu reaver
 18711 | D:12     | Found a large runed door.
 18811 | D:12     | Found a staircase to the Orcish Mines.
 18841 | Orc:1    | Entered Level 1 of the Orcish Mines
 19304 | Orc:2    | Entered Level 2 of the Orcish Mines
 19619 | Orc:2    | Found Saschaur's Food Shop.
 19644 | Orc:2    | Found Onaipn's Gadget Emporium.
 19758 | Orc:2    | Found a roughly hewn altar of Beogh.
 19831 | Orc:2    | Found Goilus's Antique Weapon Shop.
 19831 | Orc:2    | Found Huunith's Weapon Emporium.
 19841 | Orc:2    | Bought 20 arrows for 60 gold pieces
 19916 | Orc:2    | Found a staircase to the Elven Halls.
 20444 | D:13     | Found a sparkling altar of Nemelex Xobeh.
 20571 | D:13     | Reached skill level 10 in Armour
 20577 | D:13     | Reached XP level 16. HP: 125/125 MP: 22/22
 20612 | D:13     | Received a gift from Okawaru
 20800 | D:13     | Found a gate to the Vaults.
 20886 | D:13     | Received a gift from Okawaru
 21358 | Spider:1 | Entered Level 1 of the Spider Nest
 21361 | Spider:1 | Received a gift from Okawaru
 21362 | Spider:1 | Found the +7 longbow "Piercer" {penet, EV-2}
 21710 | Spider:1 | Got a glittering diamond amulet
 21764 | Spider:1 | Received a gift from Okawaru
 21767 | Spider:1 | Got a brightly glowing longbow {god gift}
 21770 | Spider:1 | Identified the +3 longbow of Moral Flaws {venom, MP+9 Str+4} (Okawaru gifted it to you on level 1 of the Spider Nest)
 22289 | Spider:2 | Identified the amulet "Ryunk" {Reflect rC+ SH+2} (You acquired it on level 1 of the Spider Nest)
 22547 | Spider:2 | Received a gift from Okawaru
 23367 | Spider:3 | Got a faintly glowing chain mail
 23378 | Spider:3 | Identified the cursed +0 chain mail of Puinafeg {rC+ Slay+3} (You found it on level 3 of the Spider Nest)
 23486 | Spider:3 | Got a vibrating iron ring
 23488 | Spider:3 | Identified the ring "Tauqiuto" {MR+ Dex+3} (You found it on level 3 of the Spider Nest)
 23991 | Spider:3 | Reached skill level 15 in Armour
 24028 | Spider:3 | Received a gift from Okawaru
 24096 | Spider:3 | Gained mutation: A meltable icy envelope protects you from harm. (AC +10) [demonic ancestry]
 24096 | Spider:3 | Reached XP level 17. HP: 125/131 MP: 23/23
 24530 | Spider:4 | Entered Level 4 of the Spider Nest
 24717 | Spider:4 | Noticed Bai Suzhen
 24738 | Spider:4 | Killed Bai Suzhen
 24741 | Spider:4 | Reached skill level 19 in Bows
 24945 | Spider:4 | Received a gift from Okawaru
 25238 | Spider:4 | Received a gift from Okawaru
 25582 | Spider:4 | Got a gossamer rune of Zot
 25874 | Shoals:1 | Entered Level 1 of the Shoals
 26016 | Shoals:1 | Noticed Roxanne
 26034 | Shoals:1 | Killed Roxanne
 26048 | Shoals:1 | Identified Roxanne's Incunabulum of the Rocks (You took it off Roxanne on level 1 of the Shoals)
 26184 | Shoals:1 | Received a gift from Okawaru
 26200 | Shoals:1 | Got a slimy longbow {god gift}
 26201 | Shoals:1 | Identified the +5 longbow of Strategic Superiority {flame, Dex+4} (Okawaru gifted it to you on level 1 of the Shoals)
 26904 | Shoals:2 | Reached skill level 20 in Bows
 27075 | Shoals:2 | Received a gift from Okawaru
 27387 | Shoals:3 | Noticed Polyphemus
 27423 | Shoals:3 | Killed Polyphemus
 27423 | Shoals:3 | Reached XP level 18. HP: 69/142 MP: 12/24
 27918 | Shoals:4 | Entered Level 4 of the Shoals
 28378 | Shoals:4 | Found Kasizyutt's Food Boutique.
 28469 | Shoals:4 | Identified Deyklen's Catalogue of Evil Secrets and Hexes
 28524 | Shoals:4 | Learned a level 5 spell: Borgnjor's Vile Clutch
 28830 | Shoals:4 | Got a barnacled rune of Zot
 29050 | Shoals:4 | Received a gift from Okawaru
 29178 | Shoals:4 | Noticed Ilsuiw
 29201 | Shoals:4 | Killed Ilsuiw
 29201 | Shoals:4 | Reached skill level 21 in Bows
 29326 | Shoals:4 | Noticed stburah's ghost (adept FoFi)
 29342 | Shoals:4 | Killed stburah's ghost
 29342 | Shoals:4 | Reached skill level 1 in Invocations
 29829 | D:14     | Noticed Nessos
 29853 | D:14     | Killed Nessos
 30223 | D:15     | Entered Level 15 of the Dungeon
 30410 | D:15     | Found a staircase to the Depths.
 30449 | D:15     | Noticed Kirke
 30456 | D:15     | Killed Kirke
 31253 | Vaults:1 | Entered Level 1 of the Vaults
 31512 | Vaults:1 | Gained mutation: Your magical and physical power is greatly enhanced at high health. [demonic ancestry]
 31512 | Vaults:1 | Reached XP level 19. HP: 149/149 MP: 25/25
 31600 | Vaults:1 | Received a gift from Okawaru
 31815 | Vaults:1 | Found Duenapyt's Jewellery Emporium.
 31875 | Vaults:1 | Found Ikkisaha's Book Shop.
 31914 | Vaults:1 | Noticed noidea's ghost (adept FeEn)
 31927 | Vaults:1 | Killed noidea's ghost
 32066 | Vaults:1 | Reached skill level 5 in Invocations
 32091 | Vaults:1 | Noticed Nikola
 32100 | Vaults:1 | Killed Nikola
 32100 | Vaults:1 | Received a gift from Okawaru
 32110 | Vaults:1 | Got a twisted longbow {god gift}
 32111 | Vaults:1 | Identified the +1 longbow of the Philosopher {velocity, +Blink rPois MP-9} (Okawaru gifted it to you on level 1 of the Vaults)
 32150 | Vaults:1 | Found Sommistri's Jewellery Shoppe.
 32154 | Vaults:1 | Found a deep blue altar of Sif Muna.
 32201 | Vaults:1 | Found Qocviaf's Antique Armour Emporium.
 32201 | Vaults:1 | Noticed Aizul
 32206 | Vaults:1 | Killed Aizul
 32232 | Vaults:1 | Bought a distressingly furry scale mail for 216 gold pieces
 32232 | Vaults:1 | Bought a pair of glowing boots for 180 gold pieces
 32242 | Vaults:1 | Identified the +1 scale mail of the Spider Nest {-Tele rN+ Dex+6} (You bought it in a shop on level 1 of the Vaults)
 33167 | Vaults:2 | Found a magical portal.
 33176 | WizLab   | Entered Zonguldrok's Shrine
 33497 | WizLab   | Received a gift from Okawaru
 33537 | WizLab   | Received a gift from Okawaru
 33541 | WizLab   | Got a steaming longbow {god gift}
 33570 | WizLab   | Noticed an antique lich
 33575 | WizLab   | Killed from afar by an antique lich

Vault maps used:
D:1:      lightli_arrival_chessboard, kennysheep_flooded_box,
          minmay_misc_feat_hallway
D:2:      ashenzari_conservatory_becter
D:3:      kb_forest_paths, nemelex_altar_shiori, minmay_misc_feat_columns
D:4:      first_ration, serial_bayou_ford_a, palyth_stone_intersect, uniq_pikel
D:5:      grunt_dithmenos_smoke, kennysheep_mini_moat, serial_shops, shop
D:6:      okawaru_metal_pillars_1_2, tgw_fedhas, nicolae_overflow_crystal_walls,
          temple_green, basic_altar, gup_sewer_entry_pipe, trog_hazing_becter,
          uniq_sigmund, uniq_duvessa
D:7:      nicolae_overflow_hidden_temple, kennysheep_crisscross
D:8:      lemuel_crystal_altar, marbit_many_paths, lemuel_round_altar,
          hangedman_little_slice_of_home
D:10:     grunt_lair_entry_orc_guard_hut, basic_altar, uniq_sonja
D:11:     david_defended_altar_orc, uniq_snorg, uniq_maurice
D:12:     minmay_five_octagons, serial_shops, nicolae_shop_stone,
          lightli_church_of_beogh, uniq_frances
D:13:     cheibrodos_breeding_chamber, david_vaults_2, serial_column_ruins,
          column_ruins_hut, column_ruins_corridor_corner,
          column_ruins_columns_dead_end, column_ruins_columns_dead_end,
          column_ruins_open_small, column_ruins_columns_straight,
          column_ruins_grid_4, nemelex_diamond_rough_becter
D:14:     infiniplex_staircase_door_maze, uniq_nessos
D:15:     grunt_enter_depths_hoard, kennysheep_doodads, uniq_kirke
Lair:1:   basic_altar, uniq_prince_ribbit2
Lair:2:   shoals_dummy_entry, spider_nest_entry_webs, serial_forest,
          infiniplex_forest_straight_1, infiniplex_forest_lined_corner,
          infiniplex_forest_clump_medium, infiniplex_forest_clump_long,
          infiniplex_forest_side_room, infiniplex_forest_end_3,
          hangedman_lair_unloving_vines, uniq_gastronok
Lair:3:   portal_ice_cave_entry_pillars_1, lemuel_centaur_altar
Lair:4:   lab_entry_generic, grunt_megastairs_3
Lair:5:   dpeg_slime_entry_enclosed_altar, enter_volcano_1
Lair:6:   evilmike_catoblepas_cave, kennysheep_rathole, lemuel_fruit_tree,
          infiniplex_staircase_pool_2
Shoals:1: uniq_roxanne
Shoals:3: uniq_polyphemus
Shoals:4: shoals_end_simple, shoals_ilsuiw_alternative, serial_shops, shop
Spider:3: special_room, zaba_antful_of_joy
Spider:4: spider_rune_water, einodemon_crawler_minivault, uniq_bai_suzhen
Orc:2:    st_orc_town
Vaults:1: vaults_room_grunt_arrival_ludios, ontoclasm_vaults_twist,
          vaults_room_boxed, v_rooms_4, grunt_vaults_focal,
          nicolae_vaults_puzzle_piece, nicolae_vaults_little_squares_3,
          nicolae_vaults_theta, v_misc_14, vaults_mumra_minichess,
          nicolae_vaults_windows_and_doors_thing, serial_shops,
          nicolae_shop_competitors_out_of_business, shop, shop,
          nicolae_shop_statue_plus, basic_altar, uniq_nikola, uniq_aizul
Vaults:2: v_rooms_1, minmay_crypt_entry_vampire_xt,
          nicolae_vaults_network_periphery, v_misc_11,
          grunt_vaults_hallway_long, v_misc_29, vaults_mumra_lcd,
          vaults_dpeg_hooks, st_more_cells, hangedman_vaults_impose,
          v_pattern_4, hangedman_vaults_nodes, vaults_mumra_chevron,
          mu_enter_wizlab_6
Sewer:    sewer_frog_island_02
IceCv:    ice_cave_caverns_03
WizLab:   wizlab_zonguldrok

Skill      XL: |  1  2  3  4  5  6  7  8  9 10 11 12 13 14 15 16 17 18 19 |
---------------+----------------------------------------------------------+-----
Bows           | 4 5 7 8 9 11 13 14 15 16 17 18 20 21 | 21.0
Dodging        | 3 7 8 9 10 11 | 11.4
Armour         | 2 5 6 7 10 15 16 17 | 17.3
Fighting       | 4 6 7 9 10 11 12 13 | 13.9
Evocations     | 3 4 6 8 |  8.2
Invocations    | 4 5 |  5.5
Stealth        | |  0.8

Action                   |  1- 3 |  4- 6 |  7- 9 | 10-12 | 13-15 | 16-18 | 19-21 || total
-------------------------+-------+-------+-------+-------+-------+-------+-------++-------
Melee: Short sword       |    72 |       |       |       |       |       |       ||    72
       Whip              |       |       |   244 |       |       |       |       ||   244
 Fire: Shortbow          |    70 |   169 |   331 |   108 |   145 |       |       ||   823
       Longbow           |       |       |       |   272 |  1211 |  1669 |   356 ||  3508
Invok: Heroism           |       |       |       |       |     1 |       |       ||     1
       Finesse           |       |       |       |       |       |     2 |     1 ||     3
Evoke: Wand              |       |       |       |       |    12 |       |       ||    12
  Use: Scroll            |     6 |     2 |    10 |     7 |    12 |    11 |     7 ||    55
       Potion            |       |     2 |     1 |     4 |     1 |     4 |       ||    12
 Stab: Sleeping          |     3 |       |       |       |       |       |       ||     3
  Eat: Chunk             |     2 |     4 |    13 |     9 |    29 |    12 |     1 ||    70
       Ration            |       |       |       |     1 |       |     6 |     2 ||     9
Armor: Leather armour    |    41 |    34 |    34 |       |       |       |       ||   109
       Chain mail        |       |       |   232 |    97 |   206 |   298 |    53 ||   886
Dodge: Dodged            |    60 |    64 |   233 |    95 |   229 |   255 |    57 ||   993

Table legend:
 A = Spawn XP
 B = Non-spawn XP
 C = Spawn XP percentage of total XP
 D = Spawn monster count
 E = Non-spawn monster count
 F = Spawn count percentage of total count
 G = Total turns spent on level
                    A         B        C        D         E        F      G
               +---------+---------+-------+---------+---------+-------+---------
         Total |       0 |  428505 |   0.0 |       0 |    1428 |   0.0 | 33575
               +---------+---------+-------+---------+---------+-------+---------
           D:1 |       0 |      44 |   0.0 |       0 |      25 |   0.0 |  1153
           D:2 |       0 |      76 |   0.0 |       0 |      10 |   0.0 |   671
           D:3 |       0 |     165 |   0.0 |       0 |      18 |   0.0 |   881
           D:4 |       0 |    1018 |   0.0 |       0 |      26 |   0.0 |   810
           D:5 |       0 |     428 |   0.0 |       0 |      15 |   0.0 |   759
           D:6 |       0 |    1604 |   0.0 |       0 |      46 |   0.0 |  1231
           D:7 |       0 |    1090 |   0.0 |       0 |      23 |   0.0 |   867
           D:8 |       0 |    3625 |   0.0 |       0 |      32 |   0.0 |   992
           D:9 |       0 |     767 |   0.0 |       0 |      19 |   0.0 |   675
          D:10 |       0 |    4298 |   0.0 |       0 |      30 |   0.0 |   768
          D:11 |       0 |    6689 |   0.0 |       0 |      34 |   0.0 |   965
          D:12 |       0 |   18588 |   0.0 |       0 |      64 |   0.0 |   995
          D:13 |       0 |   19334 |   0.0 |       0 |      39 |   0.0 |  1058
          D:14 |       0 |   12173 |   0.0 |       0 |      31 |   0.0 |   612
          D:15 |       0 |   11209 |   0.0 |       0 |      19 |   0.0 |   961
        Lair:1 |       0 |    5332 |   0.0 |       0 |      22 |   0.0 |   925
        Lair:2 |       0 |    9839 |   0.0 |       0 |      34 |   0.0 |  1118
        Lair:3 |       0 |   15609 |   0.0 |       0 |      40 |   0.0 |  1546
        Lair:4 |       0 |    3641 |   0.0 |       0 |      16 |   0.0 |   830
        Lair:5 |       0 |    9962 |   0.0 |       0 |      38 |   0.0 |  1269
        Lair:6 |       0 |   25197 |   0.0 |       0 |      79 |   0.0 |  1683
      Shoals:1 |       0 |   16525 |   0.0 |       0 |      33 |   0.0 |   812
      Shoals:2 |       0 |   10615 |   0.0 |       0 |      21 |   0.0 |   640
      Shoals:3 |       0 |   15417 |   0.0 |       0 |      25 |   0.0 |   643
      Shoals:4 |       0 |   46244 |   0.0 |       0 |      68 |   0.0 |  1493
      Spider:1 |       0 |   17074 |   0.0 |       0 |      57 |   0.0 |   803
      Spider:2 |       0 |   13863 |   0.0 |       0 |      36 |   0.0 |   963
      Spider:3 |       0 |   20498 |   0.0 |       0 |      91 |   0.0 |  1487
      Spider:4 |       0 |   35112 |   0.0 |       0 |      70 |   0.0 |  1116
         Orc:1 |       0 |     526 |   0.0 |       0 |      13 |   0.0 |   477
         Orc:2 |       0 |   13756 |   0.0 |       0 |     114 |   0.0 |   946
      Vaults:1 |       0 |   65340 |   0.0 |       0 |     105 |   0.0 |  1858
      Vaults:2 |       0 |    1279 |   0.0 |       0 |       2 |   0.0 |    65
         Sewer |       0 |     314 |   0.0 |       0 |      58 |   0.0 |   437
         IceCv |       0 |   11381 |   0.0 |       0 |      43 |   0.0 |   667
        WizLab |       0 |    9873 |   0.0 |       0 |      32 |   0.0 |   399
               +---------+---------+-------+---------+---------+-------+---------
